 Dungeon Crawl Stone Soup version 0.21-a0-67-g3f13d09 (webtiles) character file.

13 Duffy the Bolt Thrower (level 2, -2/22 HPs)
             Began as a Formicid Hunter on June 17, 2017.
             Slain by an ogre
             ... wielding a +0 giant club
              (24 damage)
             ... on level 4 of the Dungeon.
             The game lasted 00:00:31 (277 turns).

Duffy the Bolt Thrower (Formicid Hunter)             Turns: 277, Time: 00:00:32

Health: -2/22      AC:  3    Str: 16    XL:     2   Next: 50%
Magic:  2/2        EV: 11    Int: 10    God:
Gold:   0          SH:  0    Dex: 11    Spells: 1/1 levels left

rFire    . . .     SeeInvis +   a - +1 hand crossbow
rCold    . . .     Gourm    .   (no shield)
rNeg     . . .     Faith    .   c - +0 leather armour
rPois    .         Spirit   .   (helmet unavailable)
rElec    .         Reflect  .   (no cloak)
rCorr    .         Harm     .   (no gloves)
MR       .....                  (no boots)
Stlth    +.........             (no amulet)
HPRegen  0.07/turn              (no ring)
MPRegen  0.08/turn              (no ring)

@: no status effects
A: permanent stasis, dig shafts and tunnels, four strong arms, antennae 3
a: Dig, Shaft Self


You were on level 4 of the Dungeon.
You were not hungry.

You visited 1 branch of the dungeon, and saw 3 of its levels.

Inventory:

Hand Weapons
 a - a +1 hand crossbow (weapon)
 b - a +0 short sword
Missiles
 d - 12 bolts (quivered)
Armour
 c - a +0 leather armour (worn)
Comestibles
 f - a bread ration


   Skills:
 - Level 2.1 Fighting
 + Level 4.6 Crossbows
 - Level 1.7 Dodging
 - Level 1.2 Stealth


You had one spell level left.
You didn't know any spells.

Dungeon Overview and Level Annotations

Branches:
Dungeon (2/15)

Altars:


Innate Abilities, Weirdness & Mutations

You cannot be hasted, slowed, berserked, paralysed or teleported.
You can dig through walls and to a lower floor.
Your four strong arms can wield two-handed weapons with a shield.
You have a pair of large antennae on your head. (SInv)


Message History

Firing (i - inventory):
d - 16 bolts (quivered)
Press: ? - help, Shift-Dir - straight line, f/p - ogre
Aim: an ogre, wielding a giant club You shoot a bolt.
The bolt barely misses the ogre.
Firing (i - inventory):
d - 15 bolts (quivered)
Press: ? - help, Shift-Dir - straight line, f/p - ogre
Aim: an ogre, wielding a giant club You shoot a bolt.
The bolt hits the ogre!
The ogre is heavily wounded.
Firing (i - inventory):
d - 14 bolts (quivered)
Press: ? - help, Shift-Dir - straight line, f/p - ogre
Aim: an ogre, wielding a giant club (heavily wounded)
You shoot a bolt. The bolt barely misses the ogre.
Firing (i - inventory):
d - 13 bolts (quivered)
Press: ? - help, Shift-Dir - straight line, f/p - ogre
Aim: an ogre, wielding a giant club (heavily wounded)
You shoot a bolt. The bolt barely misses the ogre.
The ogre hits you with a giant club!!
Ouch! That really hurt!
You die...

.(. ..# #.# #.#
#(# ### #.# #..
#O# #.# #@# #.#
#.# #.#
##.#######.####.#
#...#...........#
#%#...####.######
#%..### #.# #####
#.# #.# #.#


You could see an ogre.

Vanquished Creatures
  An adder (D:4)
  A ball python (D:4)
  A kobold (D:1)
  A frilled lizard (D:4)
  A rat (D:1)
5 creatures vanquished.

Notes
Turn   | Place    | Note
-------+----------+-------------------------------------------
     0 | D:1      | Duffy the Formicid Hunter began the quest for the Orb.
     0 | D:1      | Reached XP level 1. HP: 16/16 MP: 1/1
     3 | D:1      | Noticed a merfolk
     5 | D:1      | Noticed a formicid
     5 | D:1      | Noticed a vine stalker
     7 | D:1      | Noticed a felid
     9 | D:1      | Noticed a dwarf
     9 | D:1      | Noticed a vampire
    11 | D:1      | Noticed a ghoul
    11 | D:1      | Noticed an elf
    13 | D:1      | Noticed a demigod
    13 | D:1      | Noticed a tengu
    15 | D:1      | Noticed a troll
    15 | D:1      | Noticed an octopode
    17 | D:1      | Noticed a halfling
    17 | D:1      | Noticed a human
    19 | D:1      | Noticed a draconian
    19 | D:1      | Noticed a gargoyle
    21 | D:1      | Noticed an ogre
    21 | D:1      | Noticed a centaur
    23 | D:1      | Noticed a naga
    25 | D:1      | Noticed a minotaur
    27 | D:1      | Noticed a spriggan
    27 | D:1      | Noticed a demonspawn
    91 | D:2      | You fall through a shaft for 2 floors!
   191 | D:4      | Reached XP level 2. HP: 22/22 MP: 2/2
   272 | D:4      | Noticed an ogre
   277 | D:4      | Slain by an ogre

Vault maps used:
D:1:      kb_arrival_jail, minivault_24
D:2:      chequers_temple_overflow_statue_of_worship,
          chequers_ecumenical_altar_simple, serial_curves, eino_curves_01,
          eino_curves_03, hangedman_decor_growths, minmay_misc_feat_diagonals,
          grunt_qazlal_sundering, uniq_sigmund
D:4:      minmay_temple_entry_statues_fountains, uniq_crazy_yiuf_cottage,
          uniq_duvessa

Action                   || total
-------------------------++-------
Melee: Short sword       ||     7
 Fire: Hand crossbow     ||    15
 Abil: Dig               ||     1
       Shaft Self        ||     1
Armor: Leather armour    ||     2
Dodge: Dodged            ||     6
